[Event "10th LCC FIDE Open 2018"]
[Site "London"]
[Date "2018.12.10"]
[Round "2"]
[White "Gullaksen, Eirik"]
[Black "Pollack, Oscar"]
[Result "1-0"]
[ECO "E73"]
[WhiteElo "2349"]
[BlackElo "2150"]
[Annotator "RC"]
[PlyCount "73"]
[EventDate "2018.12.09"]
[EventType "swiss"]
[EventCountry "ENG"]
[SourceTitle "playchess.com"]
[Source "ChessBase"]
[SourceQuality "1"]
[TimeControl "40/5400+30:1800+30"]

1. d4 Nf6 2. c4 d6 3. Nc3 g6 4. e4 Bg7 5. Be2 O-O 6. Be3 e5 7. d5 a5 8. g4 Na6 9. f3 Bd7 10. Qd2 Nc5 11. h4 c6 12. Nh3 cxd5 13. cxd5 Rb8 14. Nf2 b5 15. Rc1 Qe7 16. h5 Rfc8 17. Kf1 b4 18. Ncd1 Rb7 19. Bxc5 Rxc5 20. Rxc5 dxc5 21. Ne3 Ne8 22. Nc4 Nd6 23. hxg6 fxg6 24. Nxa5 Ra7 25. Nc6 Bxc6 26. dxc6 Qe6 27. Kg2 Rxa2 28. Rc1 Ra5 29. c7 Bf8 30. Qxd6 Bxd6 31. Bc4 Bxc7 32. Bxe6+ Kf8 33. Rd1 Ke7 34. Bc4 Bd6 35. Rh1 Kf6 36. Rxh7 Ra8 37. g5+ 1-0

[Event "10th LCC FIDE Open 2018"]
[Site "London"]
[Date "2018.12.10"]
[Round "2"]
[White "Van Zyl-Rudd, Jack"]
[Black "Sedykh, Mikhail"]
[Result "1-0"]
[ECO "A67"]
[WhiteElo "2306"]
[BlackElo "2118"]
[Annotator "NA RC"]
[PlyCount "61"]
[EventDate "2018.12.09"]
[EventType "swiss"]
[EventCountry "ENG"]
[SourceTitle "playchess.com"]
[Source "ChessBase"]
[SourceQuality "1"]
[TimeControl "40/5400+30:1800+30"]

1. d4 Nf6 2. c4 c5 3. d5 e6 4. Nc3 exd5 5. cxd5 d6 6. e4 g6 7. f4 Bg7 8. Bb5+ Nfd7 9. a4 O-O 10. Nf3 Na6 11. O-O Nb4 12. Be3 a6 {[%emt 0:00:30] A67: Modern Benoni: Taimanov Variation} 13. Be2 {[%emt 0:00:30] LiveBook: 6 Games} Re8 14. Bf2 Nf6 15. Nd2 Rb8 16. Bg3 $146 ({Predecessor:} 16. Bh4 Qc7 17. Kh1 Bd7 18. Bf3 Nd3 19. Nc4 Nxf4 20. Qd2 {1-0 (33) Mazur,S (2402)-Yilmaz,M (2482) Porto Carras 2010}) 16... Qd7 17. Bf3 Ng4 (17... b5 $11 {remains equal.}) 18. Nc4 Bd4+ 19. Kh1 Ne3 20. Nxe3 Bxe3 21. e5 f5 22. exf6 Qf5 23. h3 Qxf6 24. Ne4 Qd8 {[%emt 0:00:30] [#]} (24... Rxe4 $16 {was necessary.} 25. Bxe4 Bf5) 25. f5 $18 Bxf5 26. Nxd6 Bc2 27. Qe1 Re7 28. Bg4 Nxd5 29. Qe2 Bf4 30. Be6+ Kg7 31. Bxf4 1-0

[Event "10th LCC FIDE Open 2018"]
[Site "London"]
[Date "2018.12.10"]
[Round "2"]
[White "Merriman, John"]
[Black "Lochte, Szilvia"]
[Result "1-0"]
[ECO "D10"]
[WhiteElo "2261"]
[BlackElo "1843"]
[Annotator "RC"]
[PlyCount "63"]
[EventDate "2018.12.09"]
[EventType "swiss"]
[EventCountry "ENG"]
[SourceTitle "playchess.com"]
[Source "ChessBase"]
[SourceQuality "1"]
[TimeControl "40/5400+30:1800+30"]

1. d4 d5 2. c4 c6 3. Nc3 Nf6 4. e3 a6 5. c5 Bf5 6. Nf3 e6 7. Qb3 Ra7 8. Nh4 Bg4 9. h3 Bh5 10. g4 Nfd7 11. Ng2 Bg6 12. Nf4 b6 13. cxb6 Nxb6 14. h4 c5 15. dxc5 Bxc5 16. h5 Be4 17. Nxe4 dxe4 18. Bd2 e5 19. Ne2 N8d7 20. Ng3 Nf6 21. g5 Ng4 22. Nxe4 Be7 23. Rd1 Nd7 24. Bh3 f5 25. gxf6 Ngxf6 26. Ng5 Nd5 27. Qxd5 Bxg5 28. Bc3 Qe7 29. Bxd7+ Rxd7 30. Qxd7+ Qxd7 31. Rd4 Qd5 32. Rxd5 {[%emt 0:05:52] Kd7} 1-0

[Event "10th LCC FIDE Open 2018"]
[Site "London"]
[Date "2018.12.10"]
[Round "2"]
[White "Sperling, Lennart"]
[Black "Kueppers, Timo"]
[Result "1/2-1/2"]
[ECO "A07"]
[WhiteElo "2116"]
[BlackElo "2320"]
[Annotator "NA RC"]
[PlyCount "21"]
[EventDate "2018.12.09"]
[EventType "swiss"]
[EventCountry "ENG"]
[SourceTitle "playchess.com"]
[Source "ChessBase"]
[SourceQuality "1"]
[TimeControl "40/5400+30:1800+30"]

1. Nf3 Nf6 2. g3 d5 3. Bg2 Bf5 4. c4 e6 5. Qb3 Nc6 6. Qxb7 Nb4 7. Nd4 Rb8 8. Qxa7 Ra8 9. Qb7 Rb8 10. Qa7 Ra8 11. Qb7 1/2-1/2

[Event "10th LCC FIDE Open 2018"]
[Site "London"]
[Date "2018.12.10"]
[Round "2"]
[White "Johnson, Daniel"]
[Black "Wu, Li"]
[Result "0-1"]
[ECO "E39"]
[WhiteElo "2111"]
[BlackElo "2317"]
[Annotator "NA RC"]
[PlyCount "92"]
[EventDate "2018.12.09"]
[EventType "swiss"]
[EventCountry "ENG"]
[SourceTitle "playchess.com"]
[Source "ChessBase"]
[SourceQuality "1"]
[TimeControl "40/5400+30:1800+30"]

1. d4 Nf6 2. c4 e6 3. Nc3 Bb4 4. Qc2 O-O 5. Nf3 c5 6. dxc5 Na6 7. g3 Nxc5 8. Bg2 Nce4 9. Bd2 Nxd2 10. Nxd2 a6 11. O-O {[%emt 0:05:10] LiveBook: 14 Games E39: Nimzo-Indian: Classical: 4...c5 5 dxc5 0-0} Rb8 12. e4 $146 ({Predecessor:} 12. a3 Be7 13. Rfd1 Qc7 14. Rac1 d6 15. b4 Bd7 16. Qb3 Rfc8 17. h3 h6 18. Nce4 Nxe4 19. Bxe4 {0-1 (56) Annakov,B (2600)-Piket,J (2619) Internet 1999}) 12... d6 13. a3 Bc5 14. Rad1 Qc7 15. b4 Ba7 16. h3 Bd7 17. Qd3 Rfd8 18. Kh2 Rbc8 19. Rc1 Qb8 20. a4 e5 21. a5 b6 22. axb6 Qxb6 23. Rb1 Bc6 24. Nd5 Bxd5 25. exd5 Qd4 26. Qe2 h5 27. Rb3 h4 28. Rd3 hxg3+ $2 (28... Qb2 $11) 29. fxg3 Qb6 $11 {[%emt 0:00:08] [#] and Black has nothing to worry.} 30. Rb3 $2 (30. Rdf3 $1 $18 {is the precise move to win.}) 30... Qd4 31. Rd3 Qb2 $2 32. Rb3 Qa2 33. g4 Nh7 ({Black should try} 33... e4 $14) 34. Be4 Nf8 (34... Rc7 $16 35. h4 Nf8) 35. Bb1 Qa4 36. Rbf3 (36. h4 $16) 36... Rc7 37. Rb3 ({Better is} 37. c5 $14) 37... Bd4 38. Bd3 Rb8 39. Rfb1 Rcb7 40. b5 (40. Bc2 $1 $14) 40... Nd7 41. Ne4 Rb6 42. Rb4 Qa3 43. R4b3 Qa5 44. Qf3 axb5 $11 45. cxb5 Nc5 46. Ng5 Qd2+ {[%emt 0:00:14] Qd1 [%emt 00:03:32]} 0-1

[Event "10th LCC FIDE Open 2018"]
[Site "London"]
[Date "2018.12.10"]
[Round "2"]
[White "Merriman, James"]
[Black "Ronka, Erik"]
[Result "0-1"]
[ECO "D44"]
[WhiteElo "1696"]
[BlackElo "2281"]
[Annotator "RC"]
[PlyCount "52"]
[EventDate "2018.12.09"]
[EventType "swiss"]
[EventCountry "ENG"]
[SourceTitle "playchess.com"]
[Source "ChessBase"]
[SourceQuality "1"]
[TimeControl "40/5400+30:1800+30"]

1. d4 d5 2. c4 c6 3. Nc3 Nf6 4. Nf3 e6 5. Bg5 dxc4 6. e4 b5 7. e5 h6 8. Bh4 g5 9. Nxg5 hxg5 10. Bxg5 Nbd7 11. g3 Qb6 12. exf6 Bb7 13. Bg2 O-O-O 14. O-O c5 15. d5 b4 16. Na4 Qb5 17. dxe6 Bxg2 18. Kxg2 Qc6+ 19. Qf3 Rxh2+ 20. Kxh2 Qxf3 21. exd7+ Kxd7 22. Rae1 Bd6 23. Bh4 Rh8 24. Kh3 Qf5+ 25. Kg2 Rxh4 26. gxh4 Qg4+ 0-1

[Event "10th LCC FIDE Open 2018"]
[Site "London"]
[Date "2018.12.10"]
[Round "3"]
[White "Eggleston, David J"]
[Black "Keetman, Maaike"]
[Result "1-0"]
[ECO "B48"]
[WhiteElo "2397"]
[BlackElo "2173"]
[Annotator "RC"]
[PlyCount "63"]
[EventDate "2018.12.09"]
[EventType "swiss"]
[EventCountry "ENG"]
[SourceTitle "playchess.com"]
[Source "ChessBase"]
[SourceQuality "1"]
[TimeControl "40/5400+30:1800+30"]

1. e4 c5 2. Nf3 e6 3. d4 cxd4 4. Nxd4 Nc6 5. Nc3 Qc7 6. Be3 a6 7. Qd2 Nf6 8. O-O-O Be7 9. f3 b5 10. g4 Nxd4 11. Qxd4 Bb7 12. g5 Nh5 13. Kb1 Rc8 14. Qd2 g6 15. Bh3 b4 16. Ne2 d5 17. e5 O-O 18. Bg4 Ng7 19. h4 a5 20. h5 Nf5 21. Bxf5 exf5 22. hxg6 fxg6 23. Nd4 Bc5 24. f4 Rfe8 25. Nb5 Qb6 26. Bxc5 Qxb5 27. Rxh7 Kxh7 28. Qh2+ Kg7 29. Qh6+ Kf7 30. Qh7+ Ke6 31. Qxg6+ Kd7 32. Qd6# 1-0

[Event "10th LCC FIDE Open 2018"]
[Site "London"]
[Date "2018.12.10"]
[Round "3"]
[White "Hill, Alistair"]
[Black "Gerlach, Felix Tobias"]
[Result "0-1"]
[ECO "A72"]
[WhiteElo "2219"]
[BlackElo "2050"]
[Annotator "NA RC"]
[PlyCount "70"]
[EventDate "2018.12.09"]
[EventType "swiss"]
[EventCountry "ENG"]
[SourceTitle "playchess.com"]
[Source "ChessBase"]
[SourceQuality "1"]
[TimeControl "40/5400+30:1800+30"]

1. d4 Nf6 2. c4 g6 3. Nc3 Bg7 4. e4 d6 5. Be2 O-O 6. Bg5 c5 7. d5 e6 8. Nf3 exd5 9. cxd5 h6 10. Bf4 g5 {[%emt 0:03:02] A72: Modern Benoni: Classical: Lines with Bg5} 11. Be3 (11. Bg3 Nh5 12. O-O Na6 13. Re1 Nc7 14. Bd3 Nxg3 15. hxg3 b5 16. e5 c4 17. Bc2 b4 18. Ne4 dxe5 19. d6 {0-1 (38) Kelires,A (2523)-Bologan,V (2600) Batumi 2018}) 11... b5 12. Qc2 $146 ({Predecessor:} 12. Bxb5 Nxe4 13. Nxe4 Qa5+ 14. Qd2 Qxb5 15. Nxd6 Qxb2 16. Qxb2 Bxb2 17. Rb1 Bc3+ 18. Bd2 Bxd2+ 19. Kxd2 {½-½ (38) Forster,W (1971)-Pomeroy,A (2102) Wellington 2016}) 12... b4 13. Nd1 $1 Re8 14. Nd2 Ba6 15. Bxa6 Nxa6 16. O-O Nc7 17. Re1 Nh5 18. Nf1 ({White should try} 18. a3 $11) 18... Qf6 19. a3 bxa3 20. Rxa3 Qg6 21. Qa4 (21. Nc3 $1 $11) 21... Qxe4 22. Qc6 Nf4 23. f3 Qc2 24. Nf2 Nfxd5 $19 25. Rd3 Nb4 26. Qxd6 Nxd3 27. Nxd3 Rad8 28. Qxc7 Rxd3 29. Qc6 Rdxe3 30. Rxe3 Rxe3 31. Nxe3 Bd4 32. Qe8+ Kg7 33. Qe5+ Bxe5 34. Nxc2 Bxb2 35. Kf2 a5 0-1

[Event "10th LCC FIDE Open 2018"]
[Site "London"]
[Date "2018.12.10"]
[Round "3"]
[White "Englisch, Colya"]
[Black "Fischer, Daniel"]
[Result "0-1"]
[ECO "D11"]
[WhiteElo "2105"]
[BlackElo "2324"]
[Annotator "RC"]
[PlyCount "90"]
[EventDate "2018.12.09"]
[EventType "swiss"]
[EventCountry "ENG"]
[SourceTitle "playchess.com"]
[Source "ChessBase"]
[SourceQuality "1"]
[TimeControl "40/5400+30:1800+30"]

1. Nf3 d5 2. g3 Bg4 3. d4 e6 4. Bg2 Nf6 5. O-O c6 6. c4 Nbd7 7. b3 Be7 8. Bb2 O-O 9. Nc3 Rc8 10. Re1 Nb6 11. Ne5 Bh5 12. c5 Nbd7 13. Nd3 Bg6 14. e3 h6 15. Ne2 Qc7 16. Rc1 Bh7 17. Bf1 Ne4 18. f3 Nef6 19. Qd2 Ne8 20. f4 Nef6 21. Nc3 Rcd8 22. Ne5 Nxe5 23. fxe5 Nd7 24. Bd3 Bxd3 25. Qxd3 f6 26. exf6 Bxf6 27. e4 dxe4 28. Nxe4 Rfe8 29. Qc4 b5 30. cxb6 Nxb6 31. Nxf6+ gxf6 32. Qxc6 Qf7 33. Qc7 Rd7 34. Qf4 Kh7 35. Rc6 Nd5 36. Qe4+ f5 37. Qe2 Qg6 38. Kh1 Qf6 39. Rxe6 Rxe6 40. Qxe6 Re7 41. Qxd5 Rxe1+ 42. Kg2 Re2+ 43. Kh3 Rxb2 44. Qd7+ Kg8 45. Qxa7 Qf7 0-1

[Event "10th LCC FIDE Open 2018"]
[Site "London"]
[Date "2018.12.10"]
[Round "3"]
[White "Seymour, Timothy P"]
[Black "Ghukasyan, Siranush"]
[Result "0-1"]
[ECO "A13"]
[WhiteElo "2080"]
[BlackElo "2245"]
[Annotator "NA RC"]
[PlyCount "68"]
[EventDate "2018.12.09"]
[EventType "swiss"]
[EventCountry "ENG"]
[SourceTitle "playchess.com"]
[Source "ChessBase"]
[SourceQuality "1"]
[TimeControl "40/5400+30:1800+30"]

1. Nf3 d5 2. e3 Nf6 3. c4 e6 4. b3 Be7 5. Bb2 O-O 6. Nc3 c5 7. cxd5 exd5 8. d4 {[%emt 0:00:09] A13: English Opening: 1...e6} b6 (8... Nc6 9. Be2 Bg4 10. dxc5 Bxc5 11. O-O a6 12. h3 Be6 13. Bd3 Qe7 14. a3 Rad8 15. Ne2 Ne4 16. b4 Bd6 17. Rc1 a5 18. b5 Nb8 19. Qa4 Nd7 {1-0 (48) Howell,D (2689)-Kazhgaleyev,M (2582) Batumi 2018}) 9. Rc1 {[%emt 0:17:47] LiveBook: 5 Games} Be6 10. Bd3 Nbd7 11. O-O h6 $146 ({Predecessor:} 11... Qb8 12. h3 h6 13. Qe2 Re8 14. Rfd1 Bf8 {1-0 (28) Vasilenko,A-Berezjuk,S Moscow (Russia) 1977}) 12. Ne5 (12. Ne2 $16) 12... Nxe5 13. dxe5 Ng4 14. Be2 Nxe5 15. f4 (15. Nxd5 $5 Bxd5 16. Bxe5 $11) 15... d4 16. Nb5 a6 17. Na3 Nc6 18. Bf3 Bd5 19. exd4 Nxd4 20. Bxd4 cxd4 21. Nc2 Bxf3 22. Rxf3 Bf6 23. Rd3 Rc8 24. Nb4 (24. Ne3 $17) 24... Qd6 25. Rxc8 Rxc8 26. Qd2 Qe6 27. h3 a5 28. Nc2 Qe4 29. Ne1 Rc3 30. Kf2 g5 31. g3 $19 (31. Kf1) 31... gxf4 32. Qxf4 Qxf4+ 33. gxf4 Bh4+ 34. Ke2 Bxe1 0-1

[Event "10th LCC FIDE Open 2018"]
[Site "London"]
[Date "2018.12.12"]
[Round "4"]
[White "Arkell, Keith C"]
[Black "Ogunshola, Olugbemiga (Ben)"]
[Result "1-0"]
[ECO "A42"]
[WhiteElo "2453"]
[BlackElo "2172"]
[Annotator "ChessBase"]
[PlyCount "70"]
[EventDate "2018.12.09"]
[EventType "swiss"]
[EventCountry "ENG"]
[SourceTitle "playchess.com"]
[Source "ChessBase"]
[SourceQuality "1"]
[TimeControl "40/5400+30:1800+30"]

1. d4 g6 2. e4 d6 3. c4 Bg7 4. Nc3 Nc6 5. d5 Nd4 6. Be3 c5 7. Nge2 Bg4 8. f3 Nxe2 9. Bxe2 Bd7 10. Qd2 Nf6 11. Bh6 O-O 12. h4 Qa5 13. h5 a6 14. hxg6 fxg6 15. Bxg7 Kxg7 16. Qh6+ Kg8 17. f4 Rf7 18. e5 Ne4 19. e6 Rg7 20. exd7 Qb4 21. O-O Ng3 22. Rfc1 Nf5 23. Qh3 Qxb2 24. Qd3 Qb6 25. Bg4 Rf8 26. Ne4 h6 27. Ng3 Nd4 28. Rab1 Qc7 29. Qe4 b6 30. Rf1 Kh8 31. Be6 b5 32. f5 Rf6 33. fxg6 Rgxg6 34. Rf2 Rf4 35. Rxf4 Rf6 1-0

[Event "10th LCC FIDE Open 2018"]
[Site "London"]
[Date "2018.12.12"]
[Round "4"]
[White "Cherniaev, Alexander"]
[Black "Beckett, Chris J"]
[Result "1-0"]
[ECO "E00"]
[WhiteElo "2393"]
[BlackElo "2165"]
[Annotator "RC"]
[PlyCount "93"]
[EventDate "2018.12.09"]
[EventType "swiss"]
[EventCountry "ENG"]
[SourceTitle "playchess.com"]
[Source "ChessBase"]
[SourceQuality "1"]
[TimeControl "40/5400+30:1800+30"]

1. d4 e6 2. c4 Nf6 3. Bg5 Bb4+ 4. Nd2 h6 5. Bh4 c5 6. dxc5 Nc6 7. e3 O-O 8. a3 Bxc5 9. Ngf3 d5 10. cxd5 exd5 11. Bd3 Be6 12. O-O Be7 13. b4 Rc8 14. Qb1 g5 15. Bg3 Nh5 16. b5 Nxg3 17. hxg3 Nb8 18. Nd4 Bf6 19. Qb4 Qb6 20. N2b3 Nd7 21. Rac1 Ne5 22. Be2 Nc4 23. a4 a5 24. Qc3 Ra8 25. Qc2 Rfc8 26. Qa2 Qd6 27. Rfd1 Qb4 28. Nxe6 fxe6 29. Qb1 Qe7 30. e4 Na3 31. Qd3 Rd8 32. Bf3 Bb2 33. Rc5 dxe4 34. Qxe4 Rxd1+ 35. Bxd1 Bg7 36. Bf3 Rb8 37. Bg4 e5 38. Rd5 b6 39. Rd7 Qf6 40. Nd2 Rf8 41. Qd5+ Kh8 42. Ne4 Qg6 43. Rd6 Qh7 44. Qd3 h5 45. Be6 h4 46. g4 h3 47. gxh3 1-0

[Event "10th LCC FIDE Open 2018"]
[Site "London"]
[Date "2018.12.12"]
[Round "4"]
[White "D`Costa, Lorin A R"]
[Black "Smith, Andrew Philip"]
[Result "1-0"]
[ECO "A34"]
[WhiteElo "2390"]
[BlackElo "2157"]
[Annotator "RC"]
[PlyCount "73"]
[EventDate "2018.12.09"]
[EventType "swiss"]
[EventCountry "ENG"]
[SourceTitle "playchess.com"]
[Source "ChessBase"]
[SourceQuality "1"]
[TimeControl "40/5400+30:1800+30"]

1. Nf3 c5 2. c4 Nf6 3. Nc3 d5 4. cxd5 Nxd5 5. g3 Nc6 6. Bg2 Nc7 7. O-O e5 8. a3 f6 9. e3 Be7 10. Re1 O-O 11. d4 cxd4 12. exd4 exd4 13. Ne2 Bc5 14. b4 Bb6 15. Nf4 a6 16. Bb2 Qd6 17. Nd2 Qd8 18. Qb3+ Kh8 19. Nc4 Ba7 20. a4 g5 21. Nd3 Ne8 22. b5 Ne5 23. Ncxe5 fxe5 24. bxa6 Nd6 25. Ba3 Rb8 26. Qd5 Rf6 27. Nxe5 Kg7 28. Nd3 Bf5 29. Rad1 bxa6 30. Ne5 Nf7 31. Nc6 Qxd5 32. Bxd5 Rb7 33. Nxa7 Rxa7 34. Bc5 Rd7 35. Bxd4 Bc2 36. Rd2 Bxa4 37. Re6 1-0

[Event "10th LCC FIDE Open 2018"]
[Site "London"]
[Date "2018.12.12"]
[Round "4"]
[White "Fischer, Daniel"]
[Black "Eggleston, David J"]
[Result "1-0"]
[ECO "B99"]
[WhiteElo "2324"]
[BlackElo "2397"]
[Annotator "RC"]
[PlyCount "203"]
[EventDate "2018.12.09"]
[EventType "swiss"]
[EventCountry "ENG"]
[SourceTitle "playchess.com"]
[Source "ChessBase"]
[SourceQuality "1"]
[TimeControl "40/5400+30:1800+30"]

1. e4 c5 2. Nf3 d6 3. d4 Nf6 4. Nc3 cxd4 5. Nxd4 a6 6. Bg5 e6 7. f4 Be7 8. Qf3 Qc7 9. O-O-O Nbd7 10. g4 b5 11. Bxf6 Nxf6 12. g5 Nd7 13. f5 O-O 14. h4 b4 15. Nce2 Bb7 16. Kb1 Nc5 17. Ng3 d5 18. f6 dxe4 19. Qg4 Bd6 20. g6 hxg6 21. h5 Bxg3 22. hxg6 Qf4 23. Qh5 Qh6 24. fxg7 Qxg7 25. gxf7+ Rxf7 26. Qxc5 Bf2 27. Bc4 Rc8 28. Nxe6 Bxc5 29. Nxg7 Kxg7 30. Bxf7 Bf2 31. Bd5 Bxd5 32. Rxd5 Re8 33. Rhh5 e3 34. Rhe5 Rh8 35. a3 bxa3 36. bxa3 Kf6 37. Re4 Rh4 38. Rde5 Rh1+ 39. Ka2 Re1 40. c4 Rc1 41. c5 a5 42. Kb3 e2 43. Rxe2 Bxc5 44. Rd5 a4+ 45. Kxa4 Rc3 46. Ra2 Ke6 47. Rdd2 Bd6 48. Rdb2 Kd7 49. Rb3 Rc8 50. Kb5 Rc5+ 51. Ka6 Kc8 52. Kb6 Rc7 53. Rh3 Bc5+ 54. Kb5 Bd4 55. a4 Kb7 56. Rd3 Ba7 57. Rad2 Rc5+ 58. Kb4 Bb6 59. Rd7+ Ka6 60. Re2 Rc1 61. Re6 Rb1+ 62. Ka3 Ra1+ 63. Kb3 Rb1+ 64. Kc2 Rb4 65. Kc3 Rh4 66. Rdd6 Rh3+ 67. Rd3 Rh5 68. Kb3 Rg5 69. Re4 Rh5 70. Re6 Rg5 71. Ka3 Ka7 72. Kb4 Rg4+ 73. Kb5 Rg5+ 74. Kc6 Rc5+ 75. Kd7 Rc7+ 76. Ke8 Rc4 77. Rdd6 Rc8+ 78. Kf7 Rc7+ 79. Kg6 Bg1 80. Rf6 Bh2 81. Rc6 Rd7 82. Rf7 Rb7 83. Kf6 Rxf7+ 84. Kxf7 Kb7 85. Rc4 Bg3 86. Ke6 Be1 87. Kd5 Bf2 88. Rg4 Ba7 89. Kc4 Ka8 90. Kb5 Bb8 91. a5 Be5 92. Kb6 Bb8 93. Ka6 Be5 94. Rg8+ Bb8 95. Kb5 Kb7 96. a6+ Ka8 97. Rh8 Ka7 98. Rh7+ Ka8 99. Kb6 Bd6 100. a7 Bf8 101. Rc7 Bc5+ 102. Ka6 1-0

[Event "10th LCC FIDE Open 2018"]
[Site "London"]
[Date "2018.12.12"]
[Round "4"]
[White "Venkataramanan, T.S."]
[Black "Bates, Caspar J"]
[Result "1-0"]
[ECO "C99"]
[WhiteElo "2253"]
[BlackElo "2113"]
[Annotator "RC"]
[PlyCount "181"]
[EventDate "2018.12.09"]
[EventType "swiss"]
[EventCountry "ENG"]
[SourceTitle "playchess.com"]
[Source "ChessBase"]
[SourceQuality "1"]
[TimeControl "40/5400+30:1800+30"]

1. e4 e5 2. Nf3 Nc6 3. Bb5 a6 4. Ba4 Nf6 5. O-O Be7 6. Re1 b5 7. Bb3 d6 8. c3 O-O 9. h3 Na5 10. Bc2 c5 11. d4 Qc7 12. Nbd2 cxd4 13. cxd4 Bb7 14. d5 Rac8 15. Bd3 Nd7 16. Nf1 f5 17. exf5 Nc4 18. Ng3 Nc5 19. Bb1 Na4 20. b3 Nc3 21. Qc2 Nxd5 22. bxc4 bxc4 23. a3 Bf6 24. Ne4 Ne7 25. Nxf6+ gxf6 26. Qe2 Rf7 27. Nh4 d5 28. Bh6 d4 29. Qg4+ Kh8 30. Qh5 Nd5 31. Re4 Nf4 32. Bxf4 Bxe4 33. Bxe4 exf4 34. Bd5 Rg7 35. Ng6+ Rxg6 36. fxg6 Qg7 37. gxh7 Qxh7 38. Qxh7+ Kxh7 39. Rc1 c3 40. Be4+ Kh6 41. Kf1 f3 42. gxf3 Kg5 43. Ke2 f5 44. Bb7 Rb8 45. Bxa6 Rb2+ 46. Kd3 Rd2+ 47. Kc4 Kf4 48. Bb7 c2 49. Bc6 d3 50. Ba4 Rxf2 51. Kxd3 Rxf3+ 52. Kxc2 Rxa3 53. Bb3 Ra6 54. Rf1+ Kg3 55. Rxf5 Kxh3 56. Bc4 Kg4 57. Rf1 Ra4 58. Kd3 Ra3+ 59. Ke4 Kg3 60. Bd3 Ra7 61. Ke3 Ra3 62. Rg1+ Kh4 63. Rg8 Kh5 64. Rg1 Kh6 65. Kd4 Ra5 66. Be4 Rg5 67. Rf1 Kg7 68. Ke3 Ra5 69. Kf4 Kf6 70. Rh1 Ke6 71. Rh6+ Kd7 72. Ke3 Ra1 73. Kd4 Rc1 74. Bd5 Re1 75. Kc5 Ke7 76. Kd4 Kd7 77. Rf6 Re2 78. Kc5 Rc2+ 79. Bc4 Rc1 80. Rf7+ Ke8 81. Ra7 Kf8 82. Kd5 Rh1 83. Kd6 Rh6+ 84. Be6 Rf6 85. Ke5 Rf1 86. Bf5 Ke8 87. Kf6 Kd8 88. Rd7+ Ke8 89. Rd2 Rf4 90. Re2+ Kd8 91. Rc2 1-0

[Event "10th LCC FIDE Open 2018"]
[Site "London"]
[Date "2018.12.12"]
[Round "4"]
[White "Ghukasyan, Siranush"]
[Black "Price, Gwilym"]
[Result "1/2-1/2"]
[ECO "B45"]
[WhiteElo "2245"]
[BlackElo "2075"]
[Annotator "NA"]
[PlyCount "75"]
[EventDate "2018.12.09"]
[EventType "swiss"]
[EventCountry "ENG"]
[SourceTitle "playchess.com"]
[Source "ChessBase"]
[SourceQuality "1"]
[TimeControl "40/5400+30:1800+30"]

1. e4 c5 2. Nf3 e6 3. d4 cxd4 4. Nxd4 Nf6 5. Nc3 Nc6 6. Ndb5 Bb4 7. a3 Bxc3+ 8. Nxc3 d5 9. exd5 exd5 10. Bd3 d4 11. Ne2 Bf5 {[%emt 0:00:42] LiveBook: 21 Games} 12. O-O Bxd3 {[%emt 0:00:21] B45: Sicilian Four Knights} 13. Qxd3 Qd5 (13... O-O 14. Bg5 h6 15. Bh4 g5 16. Bg3 Qd5 17. b4 b5 18. c3 dxc3 19. Qxc3 Ne4 20. Qc2 Rac8 21. Rfd1 Qf5 22. Qb2 {½-½ (65) Akopian,V (2682)-Ter Sahakyan,S (2572) Yerevan 2014}) 14. Nf4 Qe5 15. Qb3 Qe7 $146 ({Predecessor:} 15... O-O 16. Qxb7 Rfc8 17. Bd2 Qc5 18. Qb3 Ne5 19. Rac1 Rab8 20. Qa4 {1-0 (42) Gufeld,E-Bukhman,E Tallinn (Estland) 1965}) 16. Nd3 O-O 17. Bg5 b6 18. Nb4 Nxb4 19. axb4 Qe5 20. Bxf6 Qxf6 21. b5 Qe5 22. Rfe1 Qc5 23. Ra4 Rfe8 24. Rxe8+ Rxe8 25. h3 Re1+ 26. Kh2 Qe5+ 27. Qg3 Qxb5 28. Rxa7 g6 29. Qf4 Qd5 30. Qb8+ Kg7 31. Ra8 Qe5+ 32. Qxe5+ Rxe5 33. Rd8 Rc5 34. Rxd4 Rxc2 35. Rb4 Rc6 36. Kg3 Kf6 $11 37. Rb5 Rd6 38. Kf3 1/2-1/2

[Event "10th LCC FIDE Open 2018"]
[Site "London"]
[Date "2018.12.12"]
[Round "4"]
[White "Marzano, Carlo"]
[Black "Penna, Tommaso"]
[Result "1/2-1/2"]
[ECO "E92"]
[WhiteElo "2222"]
[BlackElo "1963"]
[Annotator "NA"]
[PlyCount "53"]
[EventDate "2018.12.09"]
[EventType "swiss"]
[EventCountry "ENG"]
[SourceTitle "playchess.com"]
[Source "ChessBase"]
[SourceQuality "1"]
[TimeControl "40/5400+30:1800+30"]

1. d4 Nf6 2. c4 g6 3. Nc3 Bg7 4. e4 d6 5. Be2 O-O 6. Nf3 e5 7. d5 a5 8. Bg5 h6 9. Bh4 Na6 10. Nd2 Qe8 11. a3 Bd7 12. b3 Nh7 13. O-O f5 14. f3 {[%emt 0:00:18] E92: King's Indian: Classical: 6 Be2 e5: 7 dxe5, 7 Be3 and Petrosian System without 7...Nbd7} f4 15. Rb1 g5 16. Bf2 h5 17. b4 axb4 18. axb4 b6 {[%emt 0:00:09] LiveBook: 3 Games} (18... Qg6 19. c5 g4 20. c6 bxc6 21. dxc6 Be6 22. b5 {1-0 (34) Nakamura,H (2778)-Bacrot,E (2713) Biel 2012}) 19. c5 bxc5 20. bxc5 Nxc5 21. Bxc5 dxc5 22. Bb5 $146 g4 23. Nc4 Ng5 24. Bxd7 Qxd7 25. Rb7 Rab8 26. Qb3 (26. Rxb8 $15 Rxb8 27. Qe2) 26... Qc8 (26... Rxb7 $17 27. Qxb7 gxf3 28. gxf3 Qh3) 27. Rxb8 $15 1/2-1/2

[Event "10th LCC FIDE Open 2018"]
[Site "London"]
[Date "2018.12.12"]
[Round "4"]
[White "Mihalik, Agoston"]
[Black "Edwards, Simon R"]
[Result "1/2-1/2"]
[ECO "B51"]
[WhiteElo "2220"]
[BlackElo "1931"]
[Annotator "NA"]
[PlyCount "73"]
[EventDate "2018.12.09"]
[EventType "swiss"]
[EventCountry "ENG"]
[SourceTitle "playchess.com"]
[Source "ChessBase"]
[SourceQuality "1"]
[TimeControl "40/5400+30:1800+30"]

1. e4 c5 2. Nf3 d6 3. Bb5+ Nc6 4. O-O Bd7 5. Re1 g6 {[%emt 0:00:44] B51: Sicilian: Moscow Variation (3 Bb5+) without 3...Bd7} (5... Nf6 6. c3 a6 7. Bc4 Bg4 8. d4 cxd4 9. cxd4 Bxf3 10. gxf3 Rc8 11. Nc3 e5 12. Be3 Nxd4 13. Bf1 Ne6 14. Qb3 {½-½ (30) Bartel,M (2600)-Naiditsch,A (2736) Germany 2018}) 6. Bxc6 Bxc6 7. d4 cxd4 8. Qxd4 Nf6 9. e5 dxe5 10. Qxd8+ {[%emt 0:02:19] Rb8 [%emt 00:00:08] Qc8+ Rxc8 [%clk 01:27:48] Nxe5 [%clk 01:01:28] [%emt 00:00:08]} Rxd8 11. Nxe5 Rc8 $146 ({Predecessor:} 11... Be4 12. c4 Bg7 13. Nc3 Bf5 14. Be3 a6 15. Bb6 {½-½ (30) Van Tricht,M (2384)-Portych,V (2082) ICCF email 2015}) 12. c4 Bg7 13. Nc3 e6 14. Be3 a6 15. Rac1 Ne4 (15... Nd7 $11 {keeps the balance.} 16. Nxc6 Rxc6) 16. Nxe4 (16. Nxc6 $16 Nxc3 17. Na7 (17. bxc3 Rxc6 18. c5 O-O $15) 17... Rxc4 18. bxc3) 16... Bxe5 17. f4 f5 18. fxe5 Bxe4 19. Bh6 Kf7 20. Bg5 Rc7 21. b3 Rhc8 22. Red1 Bc6 23. Be3 Rd7 24. Rxd7+ Bxd7 25. Rd1 Bc6 26. Bb6 Re8 27. Bd8 h6 $11 28. h4 Rg8 29. Bf6 Rc8 30. Bd8 Ke8 31. Bb6 g5 32. hxg5 hxg5 33. Kf2 Kf7 34. Bd8 g4 35. g3 b5 36. cxb5 axb5 37. Ra1 1/2-1/2